 Dungeon Crawl Stone Soup version 0.22.0 (webtiles) character file.

5912 iamserjio the Nimble (level 10, -1/68 HPs)
             Began as an Octopode Summoner on Aug 11, 2018.
             Was an Elder of Okawaru.
             Slain by an orc warrior
             ... wielding a +0 war axe
              (25 damage)
             ... on level 10 of the Dungeon.
             The game lasted 00:44:12 (16577 turns).

iamserjio the Nimble (Octopode Summoner)           Turns: 16577, Time: 00:44:13

Health: -1/68      AC:  1    Str:  9    XL:     10   Next: 82%
Magic:  6/19       EV: 23    Int: 18    God:    Okawaru [****..]
Gold:   511        SH:  6    Dex: 17    Spells: 8/22 levels left

rFire    . . .     SeeInvis +   g - +4 short sword
rCold    . . .     Gourm    .   S - +0 buckler
rNeg     . . .     Faith    .   (helmet restricted)
rPois    .         Spirit   .   G - amulet of rage
rElec    .         Reflect  .   m - +3 ring of dexterity
rCorr    .         Harm     .   D - +5 ring of slaying
MR       .....                  b - ring of see invisible
Stlth    +++++++...             O - ring of stealth
HPRegen  0.21/turn              (no ring)
MPRegen  0.16/turn              (no ring)
                                (no ring)
                                (no ring)

@: heroism
A: almost no armour, stealthy swim, amphibious, 8 rings, constrict 8, camouflage
1, gelatinous body 1
a: Heroism, Renounce Religion, Evoke Berserk Rage


You were on level 10 of the Dungeon.
You worshipped Okawaru.
Okawaru was greatly pleased with you.
You were near starving.

You visited 2 branches of the dungeon, and saw 11 of its levels.
You also visited: Sewer.

You collected 511 gold pieces.

Inventory:

Hand Weapons
 e - a +2 flail of protection
 g - a +4 short sword (weapon)
 o - a +0 falchion
 t - a +0 rapier
 u - a +0 blowgun
 E - a +3 war axe
 H - a +0 trident
 I - a +3 quarterstaff of chaos
 J - a cursed +2 morningstar
Missiles
 d - 374 stones (quivered)
 i - 130 arrows
 l - 3 curare-tipped needles {!f}
 v - 70 poisoned needles
 P - 2 throwing nets {!f}
Armour
 S - a +0 buckler (worn)
Jewellery
 b - a ring of see invisible (on tentacle)
 m - a +3 ring of dexterity (left tentacle)
 D - a +5 ring of slaying (right tentacle)
 G - an amulet of rage (around mantle)
 O - a ring of stealth (on tentacle)
Wands
 R - a wand of polymorph (18)
Scrolls
 a - 7 scrolls of teleportation
 c - a scroll of immolation {unknown}
 f - 2 scrolls of enchant weapon {unknown}
 h - 15 scrolls of remove curse {@r2}
 j - 3 scrolls of amnesia {unknown}
 k - 2 scrolls of magic mapping {unknown}
 q - 3 scrolls of enchant armour {unknown}
 r - 4 scrolls of fear
 y - a scroll of random uselessness {unknown}
 F - 2 scrolls of blinking {unknown}
 T - a scroll of vulnerability {unknown}
Potions
 p - 2 potions of magic
 s - 2 potions of might
 w - 2 potions of curing {@q1}
 x - 6 potions of agility
 z - 3 potions of brilliance
 A - 4 potions of flight
 B - a potion of haste {unknown}
 C - a potion of resistance {unknown}
 K - 2 potions of mutation {unknown}
 L - 2 potions of heal wounds {unknown}
 M - a potion of degeneration {unknown}
 N - 3 potions of lignification {unknown}
 Q - 3 potions of ambrosia {unknown}
Comestibles
 n - 5 rations


   Skills:
 + Level 5.7(10.7) Fighting
 + Level 4.7(9.7) Long Blades
 - Level 8.0(13.0) Dodging
 + Level 7.7(12.7) Stealth
 + Level 6.6 Spellcasting
 - Level 7.0 Summonings
 - Level 4.0 Ice Magic
 - Level 3.1 Invocations


You had 8 spell levels left.
You knew the following spells:

 Your Spells              Type           Power        Failure   Level  Hunger
a - Summon Small Mammal   Summ           ####         1%          1    None
b - Call Canine Familiar  Summ           ####....     1%          3    ##.....
c - Call Imp              Summ           ####....     1%          2    None
d - Summon Ice Beast      Ice/Summ       ####....     12%         4    ####...
e - Summon Lightning Spi  Summ/Air       ###.....     26%         4    ####...

Your spell library contained the following spells:

 Spells                   Type           Power        Failure   Level  Hunger
 Fireball                 Conj/Fire      #.........   97%         5    #####..
 Conjure Flame            Conj/Fire      #.......     34%         3    ##.....
 Throw Flame              Conj/Fire      #.....       17%         2    None
 Sticky Flame             Conj/Fire      #.......     75%         4    ####...
 Flame Tongue             Conj/Fire      #....        12%         1    None
 Inner Flame              Hex/Fire       #.......     34%         3    ##.....
 Summon Guardian Golem    Hex/Summ       ###.....     9%          3    ##.....


Dungeon Overview and Level Annotations

Branches:
Dungeon (10/15)            Temple (1/1) D:7             Orc (0/2) D:9
   Lair: D:8-11

Altars:
Dithmenos
Fedhas
Kikubaaqudgha
Makhleb
Okawaru
Trog

Annotations:
D:9 1 runed door, 1 exclusion
D:10 Fannar


Innate Abilities, Weirdness & Mutations

You cannot wear most types of armour.
You are very stealthy in the water. (Stealth+)
You are amphibious.
You can wear up to eight rings at the same time.
You can use your tentacles to constrict eight enemies at once.
Your skin changes colour to match your surroundings (Stealth+).
Your rubbery body absorbs attacks. (AC +1, EV +1)


Message History

You constrict the orc warrior.
Your ice beast hits the orc warrior but does no damage.
The two-headed ogre hits your ice beast with a giant spiked club.
The two-headed ogre barely misses your ice beast.
You hit the orc warrior.
The orc warrior is heavily wounded.
You constrict the orc warrior, but do no damage.
The orc warrior hits you with a war axe!
* * * LOW HITPOINT WARNING * * *
The orc warrior hits your ice beast but does no damage.
You hit the orc warrior.
The orc warrior is heavily wounded.
You constrict the orc warrior, but do no damage.
Your ice beast hits the orc warrior but does no damage.
The two-headed ogre hits your ice beast with a giant spiked club.
The two-headed ogre hits your ice beast with a giant club!!
Your ice beast dies!
You release your grip on the orc warrior.
The orc warrior hits you with a war axe!!
You die...

#.......#....# #..).#
#.......#(...#.. ....#)...#
#....)..#....#.......#....#
#.......'....#.......#)Y..#
####....#....#..... #O...#
...#....#'##.#.... #..###
.....####.##'##'######'##
...##.....#.........#...#
...##.(...#.....@o..O...#
...##.....#.........#...#
#####(....#.........#...#
....#.....#.........#...#
....#.....#.........#...#
....'.....#.........#...#
....#####################
####


You could see a two-headed ogre and an orc warrior.

Vanquished Creatures
  A kobold demonologist (D:10)
  A hornet (D:8)
  A water moccasin (D:7)
  A black bear (D:9)
  3 orc warriors (D:9)
  2 ice beasts
  3 sky beasts
  6 ogres
  A phantom (D:5)
  12 big kobolds
  2 gnoll sergeants (D:9)
  3 bullfrogs
  A wyvern skeleton (D:8)
  5 scorpions
  4 wights (D:6)
  A howler monkey (D:9)
  4 crimson imps
  2 quasits
  A bullfrog zombie (D:9)
  2 bullfrog skeletons
  2 centaur zombies
  2 centaur skeletons
  2 orc priests
  Crazy Yiuf (D:5)
  3 hounds
  A jelly (D:7)
  3 orc wizards
  An iguana (D:10)
  4 worker ants
  A hound zombie (D:5)
  A hound skeleton (D:8)
  A howler monkey skeleton (D:9)
  5 river rats
  12 adders
  9 gnolls
  A worm (D:1)
  3 dart slugs
  4 leopard geckos
  22 orcs
  8 giant cockroaches
  8 goblins
  4 hobgoblins
  3 jackals
  2 quokkas
  4 ball pythons
  4 bats
  7 frilled lizards
  A jackal skeleton (D:4)
  2 jackal zombies
  33 kobolds
  7 rats
217 creatures vanquished.

Vanquished Creatures (collateral kills)
  A troll (D:9)
  Edmund (D:4)
  An ice beast (D:5)
  A phantom (D:4)
  4 orc warriors
  A sky beast (D:5)
  2 ogres
  8 big kobolds
  A wyvern skeleton (D:9)
  A scorpion (D:4)
  A wight (D:6)
  A jelly (D:8)
  A gnoll shaman (D:4)
  3 orc priests
  An orc wizard (D:9)
  A centaur skeleton (D:4)
  A gnoll (D:4)
  4 adders
  5 river rats
  An adder zombie (D:6)
  8 orcs
  4 ball pythons
  4 goblins
  A hobgoblin (D:2)
  4 jackals
  A bat (D:3)
  A frilled lizard (D:1)
  10 kobolds
  13 rats (Sewer)
86 creatures vanquished.

Grand Total: 303 creatures vanquished

Notes
Turn   | Place    | Note
-------+----------+-------------------------------------------
     0 | D:1      | iamserjio the Octopode Summoner began the quest for the Orb.
     0 | D:1      | Reached XP level 1. HP: 11/11 MP: 3/3
   261 | D:1      | Reached XP level 2. HP: 17/17 MP: 5/5
  1882 | D:2      | Reached XP level 3. HP: 15/22 MP: 6/6
  2864 | D:2      | Reached skill level 1 in Fighting
  2868 | D:2      | Reached XP level 4. HP: 23/28 MP: 5/7
  3590 | D:2      | Learned a level 3 spell: Call Canine Familiar
  3593 | D:2      | Learned a level 2 spell: Call Imp
  3599 | D:3      | Found a glowing drain.
  3605 | D:3      | Reached skill level 3 in Dodging
  3860 | Sewer    | Entered a sewer
  3981 | Sewer    | Reached XP level 5. HP: 29/33 MP: 6/8
  4167 | Sewer    | Reached skill level 1 in Long Blades
  4990 | Sewer    | Noticed a big kobold
  5003 | Sewer    | Killed a big kobold
  5003 | Sewer    | Reached XP level 6. HP: 39/39 MP: 2/9
  6005 | D:1      | Reached skill level 5 in Stealth
  6345 | D:2      | Reached skill level 5 in Summonings
  6579 | D:4      | Noticed a phantom
  6870 | D:4      | Reached skill level 4 in Dodging
  6892 | D:4      | Killed a phantom
  6892 | D:4      | Reached XP level 7. HP: 45/45 MP: 5/10
  7001 | D:4      | Noticed Edmund
  7016 | D:4      | Killed Edmund
  8044 | D:4      | Learned a level 4 spell: Summon Ice Beast
  8071 | D:5      | Entered Level 5 of the Dungeon
  8072 | D:5      | Reached skill level 5 in Dodging
  8362 | D:5      | Reached XP level 8. HP: 42/52 MP: 5/12
  8444 | D:5      | Reached skill level 1 in Ice Magic
  9200 | D:5      | Found an iron altar of Okawaru.
  9226 | D:5      | Became a worshipper of Warmaster Okawaru
 10062 | D:5      | Found a runed door.
 10309 | D:5      | Noticed Crazy Yiuf
 10314 | D:5      | Killed Crazy Yiuf
 11414 | D:7      | Reached * piety under Okawaru
 11414 | D:7      | Reached XP level 9. HP: 58/58 MP: 14/14
 11444 | D:7      | Reached skill level 6 in Dodging
 11523 | D:7      | Found an ancient bone altar of Kikubaaqudgha.
 11525 | D:7      | Found a blossoming altar of Fedhas.
 11823 | D:7      | Found a shadowy altar of Dithmenos.
 12257 | D:7      | Reached skill level 1 in Invocations
 12304 | D:7      | Found a staircase to the Ecumenical Temple.
 12708 | Temple   | Entered the Ecumenical Temple
 13091 | D:8      | Noticed a hornet
 13107 | D:8      | Killed a hornet
 13107 | D:8      | Reached ** piety under Okawaru
 13107 | D:8      | Reached skill level 7 in Dodging
 13107 | D:8      | Reached skill level 5 in Spellcasting
 14110 | D:8      | Learned a level 4 spell: Summon Lightning Spire
 14344 | D:9      | Found a burning altar of Makhleb.
 14372 | D:9      | Noticed a hornet
 14405 | D:9      | Reached XP level 10. HP: 38/63 MP: 14/18
 14773 | D:9      | Found a bloodstained altar of Trog.
 15003 | D:9      | Found a staircase to the Orcish Mines.
 15372 | D:9      | Found a runed door.
 15447 | D:9      | Reached *** piety under Okawaru
 15654 | D:9      | Reached skill level 8 in Dodging
 15811 | D:9      | Reached skill level 5 in Fighting
 15988 | D:10     | Entered Level 10 of the Dungeon
 15999 | D:10     | Noticed Fannar
 16126 | D:10     | Noticed a kobold demonologist
 16214 | D:10     | Reached **** piety under Okawaru
 16257 | D:10     | Noticed a soul eater
 16258 | D:10     | Killed a kobold demonologist
 16550 | D:10     | Noticed a two-headed ogre
 16577 | D:10     | Slain by an orc warrior

Skill      XL: |  1  2  3  4  5  6  7  8  9 10 |
---------------+-------------------------------+-----
Stealth        | 3 4 5 7 |  7.7
Fighting       | 1 2 3 4 5 |  5.7
Dodging        | 3 4 5 7 8 |  8.0
Long Blades    | 1 2 3 4 |  4.7
Summonings     | 5 6 7 |  7.0
Ice Magic      | 4 |  4.0
Spellcasting   | 3 5 6 |  6.6
Invocations    | 3 |  3.1

Action                   |  1- 3 |  4- 6 |  7- 9 | 10-12 || total
-------------------------+-------+-------+-------+-------++-------
Melee: Dagger            |    56 |       |       |       ||    56
       Constrict         |    27 |    44 |    52 |    33 ||   156
       Unarmed           |     5 |       |       |       ||     5
       Tentacles         |    14 |    28 |    52 |    30 ||   124
       Short sword       |    18 |   143 |   268 |   136 ||   565
       Rapier            |       |    14 |       |       ||    14
 Fire: Blowgun           |       |     3 |     6 |     6 ||    15
 Cast: Summon Small Mamm |    23 |    23 |     1 |       ||    47
       Call Canine Famil |       |    20 |    25 |    13 ||    58
       Summon Ice Beast  |       |       |     2 |    21 ||    23
Invok: Heroism           |       |       |     4 |     7 ||    11
  Use: Potion            |     1 |     1 |     3 |       ||     5
       Scroll            |       |     4 |     7 |       ||    11
 Stab: Sleeping          |     4 |     6 |    21 |     7 ||    38
       Distracted        |     1 |     1 |     3 |     4 ||     9
  Eat: Ration            |     1 |     2 |     2 |       ||     5
       Chunk             |     3 |     8 |    20 |     9 ||    40
Armor: Skin              |    15 |    12 |     3 |     4 ||    34
Dodge: Dodged            |    70 |   114 |   186 |   122 ||   492
Block: Buckler           |       |       |       |     5 ||     5
